 Dungeon Crawl Stone Soup version 0.17.1-1-g73c8601 (webtiles) character file.

163 DeXoteric the Caller (level 5, -19/35 HPs)
             Began as a Merfolk Summoner on Jan 1, 2016.
             Demolished by an orc
             ... wielding a +4 flail
              (22 damage)
             ... on level 3 of the Dungeon.
             The game lasted 00:09:18 (4325 turns).

DeXoteric the Caller (Merfolk Summoner)             Turns: 4325, Time: 00:09:18

Health: -19/35     AC:  3    Str:  8    XL:     5   Next: 44%
Magic:  5/9        EV: 13    Int: 15    God:
Gold:   123        SH:  0    Dex: 15    Spells: 3 memorised, 3 levels left

rFire  . . .     SeeInvis .     m - +0 spear
rCold  . . .     Clarity  .     a - +0 robe
rNeg   . . .     SustAt   .     (no shield)
rPois  .         Gourm    .     j - +0 helmet
rElec  .         Spirit   .     (no cloak)
rCorr  .         Warding  .     (no gloves)
rMut   .         Stasis   .     (no boots)
MR     .....                    (no amulet)
Stlth  ++........               (no ring)
                                (no ring)

@: not resistant to hostile enchantments, unstealthy
A: change form in water, swift swim
a: no special abilities


You were on level 3 of the Dungeon.
You were not hungry.

You visited 1 branch of the dungeon, and saw 3 of its levels.

You collected 123 gold pieces.

Inventory:

Hand Weapons
 d - a +0 dagger of speed
 m - a +0 spear (weapon)
Armour
 a - a +0 robe (worn)
 j - a +0 helmet (worn)
Jewellery
 n - a cursed -3 ring of slaying {unknown}
Scrolls
 e - a scroll of amnesia {unknown}
 h - a scroll of teleportation
 o - 2 scrolls of immolation {unknown}
 p - 3 scrolls of identify {unknown}
Potions
 f - a potion of resistance {unknown}
 g - 2 potions of brilliance {unknown}
 i - 2 potions of degeneration {unknown}
 q - a potion of curing {unknown}
Books
 b - a book of Callings

   Spells                             Type                      Level
   a - Summon Small Mammal            Summoning                    1
   b - Call Imp                       Summoning                    2
   c - Call Canine Familiar           Summoning                    3
   d - Summon Guardian Golem          Hexes/Summoning              3
   e - Summon Lightning Spire         Summoning/Air                4
   f - Summon Ice Beast               Ice/Summoning                4
Comestibles
 c - a bread ration
 k - 4 meat rations
 l - 10 chunks of flesh


   Skills:
 + Level 2.4 Polearms
 - Level 2.6 Dodging
 - Level 2.1 Stealth
 + Level 3.0 Spellcasting
 + Level 5.6 Summonings
 + Level 0.2 Ice Magic


You had 3 spell levels left.
You knew the following spells:

 Your Spells              Type           Power        Failure   Level  Hunger
a - Summon Small Mammal   Summ           ###.         1%          1    #......
b - Call Imp              Summ           ###.....     3%          2    ##.....
c - Summon Ice Beast      Ice/Summ       ##......     67%         4    #####..


Dungeon Overview and Level Annotations

Branches:
Dungeon (3/15)

Altars:
Cheibriados


Message History

You hit the gnoll but do no damage.
Your white imp barely misses the gnoll.
The gnoll completely misses you.
You hit the gnoll.
You kill the gnoll!
No target in view!
You see here a gnoll corpse.
You hit the orc but do no damage. The orc barely misses you.
Your white imp barely misses the orc.
You hit the orc but do no damage.
Your white imp closely misses the orc.
Your crimson imp blinks!
The orc hits you with an enchanted flail!
* * * LOW HITPOINT WARNING * * *
You take 13 damage, and have 3/35 hp.
MASSIVE DAMAGE!!
Your white imp hits the orc but does no damage.
Your white imp hits the orc but does no damage.
Your white imp barely misses the orc.
Your crimson imp blinks!
The orc hits you with an enchanted flail!!
Ouch! That really hurt!
You die...

###### ##.#...!#
...b.###.......
########...†...#
##.##.5o...(.o#
###.....#######5#
######....§### #.#. .
......<...5†# #.#....#
........).#o### ###.#...####
........).#.m.####..........#
######.##.###......#.#.#.##..
#....###..#####...#.#...
#.........# ##....<...
#..######.#### #........
##..# #....###........ ##...#
####.#..........
#.%..########.........#...
####..................####


You could see an orc and a friendly white imp.

Vanquished Creatures
  2 gnolls
  2 adders (D:2)
  A giant gecko (D:1)
  2 orcs
  10 bats
  9 goblins
  5 hobgoblins
  A jackal (D:2)
  4 giant cockroaches
  4 giant newts
  5 kobolds
  4 rats (D:1)
49 creatures vanquished.

Vanquished Creatures (collateral kills)
  Ijyb (D:2)
  Robin (D:2)
  2 adders (D:2)
  2 gnolls
  A worm (D:2)
  2 orcs (D:3)
  2 giant cockroaches
  8 goblins
  8 hobgoblins
  6 jackals
  A quokka (D:3)
  3 bats
  2 giant newts
  4 kobolds
43 creatures vanquished.

Grand Total: 92 creatures vanquished

Notes
Turn   | Place    | Note
--------------------------------------------------------------
     0 | D:1      | DeXoteric the Merfolk Summoner began the quest for the Orb.
     0 | D:1      | Reached XP level 1. HP: 13/13 MP: 3/3
   813 | D:1      | Reached XP level 2. HP: 16/19 MP: 1/5
   971 | D:1      | Learned a level 2 spell: Call Imp
  1550 | D:1      | Reached XP level 3. HP: 20/24 MP: 6/6
  2921 | D:2      | Reached skill level 5 in Summonings
  2929 | D:2      | Noticed Robin
  2947 | D:2      | Killed Robin
  2947 | D:2      | Reached XP level 4. HP: 15/30 MP: 2/8
  3281 | D:2      | Reached skill level 1 in Polearms
  3282 | D:2      | Noticed Ijyb
  3292 | D:2      | Killed Ijyb
  3382 | D:2      | Found a snail-covered altar of Cheibriados.
  3858 | D:2      | Reached XP level 5. HP: 35/35 MP: 9/9
  4130 | D:2      | Learned a level 4 spell: Summon Ice Beast
  4325 | D:3      | Demolished by an orc

Action                   |  1- 3 |  4- 6 || total
-------------------------+-------+-------++-------
Melee: Unarmed           |    55 |       ||    55
       Dagger            |   153 |    11 ||   164
       Spear             |       |    93 ||    93
 Cast: Summon Small Mamm |    10 |       ||    10
       Call Imp          |    14 |    23 ||    37
  Use: Scroll            |     2 |       ||     2
 Stab: Sleeping          |     6 |     3 ||     9
       Distracted        |       |     1 ||     1
  Eat: Chunk             |     7 |     6 ||    13
